 Dungeon Crawl Stone Soup version 0.31-a0-675-g238779eb0a (webtiles) character file.

Game seed: 8527996048101044221

41152 microfolk the Fighter (level 14, -2/116 HPs)
             Began as a Barachi Reaver on Sept 5, 2023.
             Was the Champion of Cheibriados.
             Slain by a skyshark (23 damage)
             ... on level 5 of the Lair of Beasts.
             The game lasted 01:34:04 (25383 turns).

microfolk the Fighter (Barachi Reaver)             Turns: 25383, Time: 01:34:05

Health: -2/116     AC: 24    Str: 30    XL:     14   Next: 14%
Magic:  3/28       EV: 11    Int: 42    God:    Cheibriados [******]
Gold:   513        SH:  7    Dex: 20    Spells: 11/33 levels left

rFire   . . .        b - +1 whip (elec)
rCold   . . .        m - +0 buckler
rNeg    + . .        D - +0 pearl dragon scales
rPois   .            j - +2 helmet
rElec   .            w - +0 cloak of the Endless Expanse {+Blink +Inv Int+3 Dex-5}
rCorr   .            A - +2 pair of gloves
SInv    .            y - +0 pair of boots
Will    +....        (no amulet) Stlth
                     P - +4 ring of protection
HPRegen 0.39/turn    J - +6 ring of intelligence
MPRegen 0.21/turn

%: no passive effects
@: lethally poisoned (-2 -> -3), unable to hop, studying Shields, very slow
A: amphibious, slowness 1, strong legs 2, +LOS
a: Hop, Renounce Religion, Evoke Blink, Evoke Invisibility, Bend Time, Temporal
Distortion, Slouch, Step From Time


You were on level 5 of the Lair of Beasts.
You worshipped Cheibriados.
Cheibriados was exalted by your worship.
You visited 4 branches of the dungeon, and saw 18 of its levels.
You also visited: Bailey.

You collected 969 gold pieces.
You spent 456 gold pieces at shops.

Inventory:

Hand Weapons
 a - a +2 dagger of venom
 b - a +1 whip of electrocution (weapon)
 l - a +3 vampiric dagger
 K - a +3 scimitar of freezing
Missiles
 d - 32 poisoned darts (quivered)
 C - 5 curare-tipped darts
Armour
 j - a +2 helmet (worn)
 m - a +0 buckler (worn)
 n - a scarf of invisibility
 v - a +8 chain mail of ponderousness
 w - the +0 cloak of the Endless Expanse (worn) {+Blink +Inv Int+3 Dex-5}
   (You acquired it on level 4 of the Dungeon)

   Int+3:     It affects your intelligence (+3).
   Dex-5:     It affects your dexterity (-5).
   +Inv:      It lets you turn invisible.
   +Blink:    It lets you blink.
 y - a +0 pair of boots (worn)
 A - a +2 pair of gloves (worn)
 D - +0 pearl dragon scales (worn)
Magical Staves
 R - a staff of conjuration
Jewellery
 u - the ring "Socoetruc" {rElec rC- rN+++ AC+4 Dex+3}
   (You acquired it on level 4 of the Dungeon)

   [ring of protection]

   AC+4:      It affects your AC (+4).
   Dex+3:     It affects your dexterity (+3).
   rC-:       It makes you vulnerable to cold.
   rElec:     It insulates you from electricity.
   rN+++:     It renders you almost immune to negative energy.
 J - a +6 ring of intelligence (right hand)
 P - a +4 ring of protection (left hand)
Wands
 h - a wand of flame (23)
 s - a wand of polymorph (6)
 z - a wand of quicksilver (14)
 N - a wand of iceblast (2)
 Q - a wand of charming (4)
 Z - a wand of mindburst (7)
Scrolls
 c - a scroll of silence
 e - 2 scrolls of poison {unknown}
 f - a scroll of butterflies {unknown}
 i - a scroll of immolation
 k - a scroll of revelation
 o - 2 scrolls of teleportation
 p - 3 scrolls of brand weapon {unknown}
 q - 5 scrolls of noise {unknown}
 x - 4 scrolls of amnesia
 E - a scroll of fear {unknown}
 G - 3 scrolls of enchant armour
 H - a scroll of vulnerability {unknown}
 I - 2 scrolls of fog {unknown}
 U - a scroll of enchant weapon {unknown}
 W - a scroll of torment {unknown}
 X - a scroll of blinking {unknown}
Potions
 g - 2 potions of might
 r - 3 potions of curing {@q1}
 t - 5 potions of heal wounds {@q2}
 B - 3 potions of brilliance
 F - 3 potions of attraction
 L - a potion of berserk rage
 M - a potion of mutation
 O - a potion of lignification
 S - a potion of resistance
 T - a potion of cancellation
 V - a potion of ambrosia
 Y - a potion of invisibility {unknown}


   Skills:
 + Level 12.7 Fighting
 - Level 3.6 Long Blades
 - Level 4.0 Armour
 - Level 2.1 Dodging
 + Level 10.4 Shields
 - Level 10.0 Spellcasting
 - Level 8.7 Conjurations
 - Level 5.0 Hexes
 - Level 10.0 Summonings
 - Level 6.0 Translocations
 - Level 6.0 Fire Magic
 - Level 8.0 Ice Magic
 + Level 8.6 Invocations


You had 11 spell levels left.
You knew the following spells:

 Your Spells              Type           Power      Damage    Failure   Level
a - Summon Ice Beast      Ice/Summ       77%        N/A       1%          4
b - Hailstorm             Conj/Ice       74%        3d15      1%          3
c - Sticky Flame          Conj/Fire      70%        2d8       1%          4
d - Iskenderun's Mystic   Conj/Tloc      70%        2d14      1%          4
e - Kiss of Death         Conj/Necr      100%       2d13      1%          1
f - Summon Small Mammal   Summ           100%       N/A       1%          1
g - Summon Mana Viper     Hex/Summ       71%        N/A       4%          5

Your spell library contained the following spells:

 Spells                   Type           Power      Damage    Failure   Level
 Apportation              Tloc           100%       N/A       1%          1
 Magic Dart               Conj           100%       1d8       1%          1
 Momentum Strike          Conj/Tloc      100%       3d10      1%          2
 Scorch                   Fire           100%       2d9       1%          2
 Searing Ray              Conj           100%       2d8       1%          2
 Call Canine Familiar     Summ           81%        N/A       1%          3
 Confusing Touch          Hex            58%        N/A       1%          3
 Summon Guardian Golem    Hex/Summ       71%        N/A       1%          3
 Volatile Blastmotes      Fire/Tloc      100%       2d18      1%          3
 Flame Wave               Conj/Fire      70%        2d16      1%          4
 Fulminant Prism          Conj/Hex       34%        3d16      2%          4
 Ignite Poison            Fire/Tmut/Pois 37%        N/A       5%          3
 Wereblood                Tmut           21%        N/A       6%          2
 Summon Cactus Giant      Summ           40%        N/A       10%         6
 Irradiate                Conj/Tmut      27%        3d20      19%         5
 Dispel Undead            Necr           21%        3d11      36%         4
 Monstrous Menagerie      Summ           40%        N/A       50%         7
 Alistair's Intoxication  Tmut/Pois      14%        N/A       73%         5
 Ignition                 Fire           31%        3d10      100%        8


Dungeon Overview and Level Annotations

Branches:
Dungeon (11/15)            Temple (1/1) D:4            Lair (5/5) D:11
 Shoals (0/4) Lair:3        Snake (1/4) Lair:2        Slime (0/5) Lair:5
 Bailey (visited)
    Orc: D:9-12

Altars:
Ashenzari
Cheibriados
Dithmenos
Elyvilon
Fedhas
Gozag
Hepliaklqana
Kikubaaqudgha
Makhleb
Nemelex Xobeh
Okawaru
Qazlal
Ru
Sif Muna
Trog
Uskayaw
Vehumet
Wu Jian
Xom
Yredelemnul
Zin
The Shining One
Jiyva

Shops:
D:5 :

Annotations:
D:7 exclusion: orange crystal statue
D:8 exclusion: downstairs
Lair:2 exclusion: downstairs
Lair:3 exclusion: ice statue
Lair:4 2 transporters, exclusion: ice statue, Kareus's ghost, journeyman DgCj
Lair:5 1 runed translucent door, Maratek's ghost, journeyman DsFi


Innate Abilities, Weirdness & Mutations

You are amphibious.
You cover ground slowly.
You can hop long distances.
You have an extended range of vision and can be seen from far away.


Message History

Press: ? - help, v - describe, . - travel
Here: a skyshark (severely wounded, berserk)
The floor.
You barely miss the skyshark.
The skyshark is severely wounded.
You feel sick. The skyshark bites you!
* * * LOW HITPOINT WARNING * * *
The skyshark tail-slaps you.
* * * LOW HITPOINT WARNING * * *
The skyshark tail-slaps you but does no damage.
The skyshark bites you!
* * * LOW HITPOINT WARNING * * *
You block the skyshark's attack. x2
Unknown command.
Okay, then.
Aiming: Iceblast
Press: ? - help, Shift-Dir - straight line The mass of ice explodes!
The iceblast engulfs the elephant!
The elephant is heavily wounded.
The iceblast engulfs the skyshark.
The skyshark is almost dead.
You hear a bellow!
The elephant tramples you.
* * * LOW HITPOINT WARNING * * *
You hold your ground!
The elephant trunk-slaps you but does no damage.
The skyshark bites you!
* * * LOW HITPOINT WARNING * * *
You block the skyshark's attack. The skyshark barely misses you.
You feel much better.
You feel sick. The skyshark bites you.
* * * LOW HITPOINT WARNING * * *
The skyshark tail-slaps you but does no damage.
The skyshark closely misses you. The elephant tramples you.
* * * LOW HITPOINT WARNING * * *
You hold your ground!
The elephant barely misses you.
The elephant tramples you but does no damage.
The elephant trunk-slaps you.
* * * LOW HITPOINT WARNING * * *
The skyshark bites you!!
You die...

#.##.#P####.......#...#.....#
P........#........#.#......P
....##..........^...........
P.....P....................
................P......##.
#...................#..# ## .
##..|................#.##.###...
..#............#.Y...........##.
..##............@l.....†$.†.....
[...#.....[..÷.#.Y..#P.#.P#.##P.
....####................###
##...##........##.....###
##....##<.#..###..##..#
##....#.....## #....###
###⌠.<.......#....P#
##....#..........###
###.............##


You could see a skyshark (berserk) and 2 elephants.

Vanquished Creatures
  Erica (D:11)
  2 two-headed ogres
  Nergalle (D:11)
  Pikel (D:9)
  2 orc knights (Bailey)
  3 harpies (Lair:3)
  An ugly thing (D:11)
  4 elephants
  4 black mambas
  8 cane toads
  A kobold demonologist (D:9)
  6 komodo dragons
  A troll (D:10)
  2 polar bears
  10 blink frogs
  A shadow (D:11)
  2 wyverns
  3 wraiths
  18 yaks
  2 steam dragons (D:7)
  2 basilisks
  2 hogs (Lair:4)
  7 vampire mosquitoes
  Edmund (D:4)
  14 water moccasins
  4 black bears
  10 orc warriors
  Pargi (D:4)
  An ice beast (D:8)
  A sky beast (D:7)
  2 centaurs
  5 ogres
  A wolf (Lair:3)
  2 lemures
  3 kobold brigands
  12 bullfrogs
  Blork the orc (D:5)
  2 scorpions
  21 wights
  2 howler monkeys
  A hound (D:5)
  8 orc priests
  3 jellies
  Terence (D:3)
  6 iguanas
  5 orc wizards
  A spriggan simulacrum (Lair:3)
  A wolf simulacrum (Lair:3)
  9 gnolls
  7 adders
  2 shadow imps (D:7)
  3 white imps
  2 ufetubi
  A worm (D:2)
  4 dart slugs
  45 orcs
  6 ball pythons
  16 endoplasms
  4 giant cockroaches
  8 goblins
  10 hobgoblins
  2 jackals (D:4)
  3 quokkas
  4 bats
  4 frilled lizards
  25 kobolds
  6 rats
354 creatures vanquished.

Vanquished Creatures (collateral kills)
  Kirke (Lair:4)
  A hydra (Lair:4)
  A two-headed ogre (D:11)
  A catoblepas (Lair:2)
  A bog body (Lair:3)
  An oklob plant (Lair:5)
  An elephant (Lair:5)
  3 cane toads (Lair:3)
  2 rime drakes (Lair:3)
  5 komodo dragons
  A freezing wraith (Lair:3)
  3 trolls (D:11)
  2 polar bears
  Grinder (D:6)
  7 blink frogs
  A wyvern (Lair:4)
  12 yaks
  5 hogs (Lair:4)
  2 basilisks (Lair:5)
  A steam dragon (D:9)
  13 water moccasins
  A black bear (D:11)
  A wolf (Lair:3)
  A centaur (D:11)
  An ogre (D:7)
  2 bullfrogs (Lair:2)
  An entropy weaver simulacrum (Lair:3)
  An orc wizard (D:7)
  A spriggan simulacrum (Lair:3)
  2 white imps (Lair:3)
  2 orcs
  A butterfly (Lair:1)
79 creatures vanquished.

Grand Total: 433 creatures vanquished

Notes
Turn   | Place    | Note
-------+----------+-------------------------------------------
     0 | D:1      | microfolk the Barachi Reaver began the quest for the Orb.
     0 | D:1      | Reached XP level 1. HP: 17/17 MP: 3/3
   171 | D:1      | Reached XP level 2. HP: 18/22 MP: 1/5
   426 | D:1      | Reached XP level 3. HP: 28/28 MP: 6/6
   467 | D:1      | Reached skill level 3 in Fighting
  1202 | D:2      | Found a faded altar of an unknown god.
  1508 | D:2      | Reached XP level 4. HP: 34/34 MP: 8/8
  1633 | D:2      | Reached XP level 5. HP: 13/41 MP: 9/9
  1645 | D:2      | Reached skill level 5 in Conjurations
  1656 | D:2      | HP: 3/63 [frozen (3)]
  2286 | D:2      | Learned a level 3 spell: Hailstorm
  2845 | D:3      | Reached skill level 1 in Ice Magic
  2889 | D:3      | Reached skill level 4 in Fighting
  3000 | D:3      | Noticed Terence
  3022 | D:3      | Killed Terence
  3023 | D:3      | Reached XP level 6. HP: 10/37 MP: 9/11
  4012 | D:4      | Identified 2 scrolls of acquirement
  4012 | D:4      | Acquired the +0 cloak of the Endless Expanse {+Blink +Inv
                  | Int+3 Dex-5}
  4014 | D:4      | Acquired the ring "Socoetruc" {rElec rC- rN+++ AC+4 Dex+3}
  4177 | D:3      | Learned a level 4 spell: Sticky Flame
  4367 | D:4      | Reached XP level 7. HP: 50/55 MP: 12/12
  4402 | D:4      | Noticed Pargi
  4424 | D:4      | Killed Pargi
  4876 | D:4      | Reached skill level 5 in Fighting
  4922 | D:4      | Noticed Edmund
  4947 | D:4      | Killed Edmund
  4948 | D:4      | Reached skill level 5 in Ice Magic
  4971 | D:4      | Reached XP level 8. HP: 42/62 MP: 14/14
  5049 | D:4      | Found a staircase to the Ecumenical Temple.
  5059 | Temple   | Entered the Ecumenical Temple
  5072 | Temple   | Became a worshipper of Cheibriados the Contemplative
  5592 | D:5      | Entered Level 5 of the Dungeon
  5609 | D:5      | Reached skill level 1 in Fire Magic
  5634 | D:4      | Reached skill level 1 in Invocations
  5950 | D:5      | Found Soptarr's Book Shop.
  6468 | D:5      | Noticed Blork the orc
  6484 | D:5      | Killed Blork the orc
  6484 | D:5      | Reached * piety under Cheibriados
  6485 | D:5      | Reached skill level 6 in Fighting
  6590 | D:5      | Reached skill level 5 in Spellcasting
  6853 | D:4      | Learned a level 1 spell: Summon Small Mammal
  7282 | D:6      | Reached skill level 1 in Summonings
  7433 | D:6      | Reached XP level 9. HP: 33/70 MP: 13/17
  7875 | D:6      | Reached ** piety under Cheibriados
  7964 | D:6      | Noticed Grinder
  7975 | D:6      | Paralysed by Grinder for 2 turns
  7985 | D:6      | Killed Grinder
  7986 | D:6      | Reached skill level 1 in Armour
  8177 | D:6      | Found a white marble altar of Elyvilon.
  8386 | D:7      | Reached skill level 5 in Fire Magic
  8399 | D:7      | Reached skill level 7 in Fighting
  9486 | D:7      | Reached XP level 10. HP: 76/80 MP: 17/19
  9834 | D:7      | Reached skill level 8 in Fighting
  9861 | D:7      | Found a broken altar of Ashenzari.
  9862 | D:7      | Found a shimmering altar of Xom.
  9911 | D:7      | Reached *** piety under Cheibriados
 10090 | D:7      | Noticed an orange crystal statue
 10655 | D:7      | Learned a level 4 spell: Iskenderun's Mystic Blast
 10850 | D:8      | Found an ancient bone altar of Kikubaaqudgha.
 10853 | D:8      | Found a radiant altar of Vehumet.
 11261 | D:8      | Found a blossoming altar of Fedhas.
 11266 | D:8      | Found a sparkling altar of Nemelex Xobeh.
 11451 | D:8      | Reached skill level 1 in Translocations
 12883 | D:9      | Noticed Pikel
 13147 | D:9      | Reached skill level 5 in Invocations
 13317 | D:9      | Noticed a kobold demonologist
 13318 | D:9      | Noticed an orange demon
 13327 | D:9      | Killed a kobold demonologist
 13328 | D:9      | Reached skill level 9 in Fighting
 13526 | D:9      | Killed Pikel
 13527 | D:9      | Reached skill level 5 in Translocations
 13527 | D:9      | Reached XP level 11. HP: 89/89 MP: 15/22
 13670 | D:10     | Entered Level 10 of the Dungeon
 13671 | D:10     | Found a hide-covered altar of Uskayaw.
 13759 | D:10     | Reached **** piety under Cheibriados
 13830 | D:10     | Noticed a two-headed ogre
 13842 | D:10     | Killed a two-headed ogre
 13883 | D:10     | Found a flagged portal.
 13911 | D:10     | You fall into a shaft and drop 1 floor!
 13967 | D:11     | Noticed Erica
 13986 | D:11     | Killed Erica
 14029 | Bailey   | Entered a bailey
 14815 | Bailey   | Noticed an orc knight
 14816 | Bailey   | Noticed an orc knight
 14905 | Bailey   | Killed an orc knight
 14959 | Bailey   | Killed an orc knight
 14960 | Bailey   | Reached skill level 10 in Fighting
 15187 | D:10     | Reached ***** piety under Cheibriados
 15322 | D:10     | Reached skill level 1 in Shields
 15467 | D:10     | Found a hazy altar of Hepliaklqana.
 15940 | D:5      | Bought a book of Beasts for 456 gold pieces
 15945 | D:5      | Learned a level 4 spell: Summon Ice Beast
 16139 | D:11     | Noticed a two-headed ogre
 16147 | D:11     | Killed a two-headed ogre
 16383 | D:11     | Reached XP level 12. HP: 48/97 MP: 20/24
 16786 | D:11     | Noticed Nergalle
 16805 | D:11     | Killed Nergalle
 17047 | D:11     | Noticed a two-headed ogre
 17051 | D:11     | Killed a two-headed ogre
 17052 | D:11     | Reached skill level 5 in Summonings
 17183 | D:11     | Found a staircase to the Lair.
 17484 | Lair:1   | Entered Level 1 of the Lair of Beasts
 17613 | Lair:1   | Reached skill level 5 in Shields
 17755 | Lair:1   | Learned a level 5 spell: Summon Mana Viper
 18619 | Lair:1   | Reached skill level 1 in Hexes
 19214 | Lair:2   | Reached skill level 11 in Fighting
 19294 | Lair:2   | Found a staircase to the Snake Pit.
 19787 | Lair:2   | Reached ****** piety under Cheibriados
 20508 | Lair:2   | Gained mutation: You can hop long distances. [Barachi
                  | growth]
 20508 | Lair:2   | Reached XP level 13. HP: 90/106 MP: 8/26
 20788 | Lair:3   | Found a snail-covered altar of Cheibriados.
 20855 | Snake:1  | Entered Level 1 of the Snake Pit
 21811 | Lair:3   | Found a staircase to the Shoals.
 22032 | Lair:3   | Identified the +0 scale mail of Sunlight {-Cast Dex+4
                  | Stlth+}
 23423 | Lair:4   | Noticed Kareus's ghost (journeyman DgCj)
 23426 | Lair:4   | Found a transporter.
 23462 | Lair:4   | Reached skill level 10 in Spellcasting
 23467 | Lair:4   | Noticed Kirke
 23477 | Lair:4   | Killed Kirke
 23478 | Lair:4   | Reached skill level 12 in Fighting
 23613 | Lair:4   | Found a transporter.
 24456 | Lair:5   | Entered Level 5 of the Lair of Beasts
 24500 | Lair:5   | Reached skill level 5 in Hexes
 24656 | Lair:5   | Reached skill level 10 in Summonings
 24860 | Lair:5   | Reached XP level 14. HP: 90/115 MP: 14/28
 25083 | Lair:5   | Found a runed translucent door.
 25091 | Lair:5   | Noticed Maratek's ghost (journeyman DsFi)
 25109 | Lair:5   | Reached skill level 10 in Shields
 25297 | Lair:5   | Found a staircase to the Slime Pits.
 25298 | Lair:5   | Found a viscous altar of Jiyva.
 25382 | Lair:5   | HP: 4/116 [skyshark (8)]
 25383 | Lair:5   | Slain by a skyshark

Illustrated notes

Levels and vault maps discovered:
D:1:      moated_graveyard_arrival, layout_basic, nicolae_eternal_life
D:2:      cheibrodos_fertilizer, layout_basic,
          hellmonk_ecumenical_altar_pennies_from_heaven
D:3:      layout_basic, uniq_terence
D:4:      layout_loops_ring, lemuel_temple_firewalk_b, uniq_edmund, uniq_pargi
D:5:      layout_basic, serial_shops, shop, kennysheep_generic_room_5,
          uniq_blork_the_orc
D:6:      layout_rooms, nicolae_elyvilon_temple_path, uniq_grinder
D:7:      statuecave_lemuel, layout_basic, gammafunk_temple_overflow_statue,
          glass_columns_a, hangedman_abyss_or_decor_slice, hex_large
D:8:      layout_cave_pods, minitemple
D:9:      layout_gridville, serial_rivers, chequers_serial_rivers_small_a,
          chequers_serial_rivers_room_a, chequers_serial_rivers_room_a,
          chequers_serial_rivers_room_b, chequers_serial_rivers_large_a,
          chequers_serial_rivers_micro_a, uniq_pikel
D:10:     layout_rooms, lemuel_crystal_altar, nicolae_uskayaw_suspiria,
          enter_bailey_6
D:11:     layout_loops_cross, grunt_lair_entry_orc_guard_hut, uniq_erica,
          uniq_nergalle
Temple:   cyrus_circular_temple
Lair:1:   layout_cave_pods, serial_bayou_crossing, lemuel_fruit_fields
Lair:2:   layout_cave_pods, minmay_snake_entry_six_corridors
Lair:3:   dreamdust_isle_of_ice, layout_loops_ring, nicolae_shoals_entry_roost,
          basic_altar, beast_lair_carwin_6
Lair:4:   layout_layer_cave, nzn_ghost_randoct, grunt_megastairs_4, uniq_kirke
Lair:5:   evil_forest, layout_misc_corridors, slime_entry_1,
          ebering_ghost_inner_flame, grunt_megastairs_5
Snake:1:  layout_rooms

Skill      XL: |  1  2  3  4  5  6  7  8  9 10 11 12 13 14 |
---------------+-------------------------------------------+-----
Conjurations   | 4 5 6 7 8 |  8.7
Fighting       | 3 4 5 6 7 9 10 11 12 | 12.7
Spellcasting   | 3 4 5 6 7 8 9 10 | 10.0
Ice Magic      | 2 3 5 6 8 |  8.0
Fire Magic     | 4 5 6 |  6.0
Invocations    | 2 3 5 6 7 8 |  8.6
Summonings     | 2 3 7 10 | 10.0
Armour         | 3 4 |  4.0
Translocations | 5 6 |  6.0
Shields        | 3 6 9 10 | 10.4
Hexes          | 2 5 |  5.0
Long Blades    | |  3.6
Dodging        | |  2.1

Action                     |  1- 3 |  4- 6 |  7- 9 | 10-12 | 13-15 || total
---------------------------+-------+-------+-------+-------+-------++-------
  Melee: Falchion          |    53 |       |       |       |       ||    53
         Dagger            |    65 |   227 |   353 |   193 |    53 ||   891
         Punch             |       |     5 |     4 |     7 |       ||    16
         Whip              |       |       |    84 |    73 |    10 ||   167
   Fire: Sling             |       |       |     1 |       |       ||     1
  Throw: Stone             |     4 |    16 |       |       |       ||    20
         Dart              |       |       |    27 |    11 |     1 ||    39
   Cast: Kiss of Death     |     2 |     2 |     4 |       |       ||     8
         Hailstorm         |       |     1 |     8 |    60 |    47 ||   116
         Summon Small Mamm |       |       |    53 |    35 |       ||    88
         Sticky Flame      |       |       |       |    98 |    42 ||   140
         Iskenderun's Myst |       |       |       |     8 |     3 ||    11
         Summon Ice Beast  |       |       |       |    35 |    49 ||    84
         Summon Mana Viper |       |       |       |       |    15 ||    15
 Invoke: Slouch            |       |       |       |       |     1 ||     1
Ability: Hop               |     1 |     3 |     8 |     9 |     5 ||    26
  Evoke: Wand              |       |       |       |    56 |     1 ||    57
    Use: Scroll            |     2 |     4 |     3 |    12 |     1 ||    22
         Potion            |       |     2 |       |       |     1 ||     3
   Stab: Distracted        |       |       |     1 |     1 |     3 ||     5
         Petrifying        |       |       |       |       |     1 ||     1
 Armour: Leather armour    |    50 |    67 |    49 |       |       ||   166
         Skin              |       |    11 |       |       |       ||    11
         Chain mail        |       |    54 |   196 |       |       ||   250
         Pearl dragon scal |       |       |   131 |   460 |   159 ||   750
  Dodge: Dodged            |    53 |    68 |   181 |   250 |    86 ||   638
  Block: Buckler           |       |       |       |    17 |    60 ||    77

Table legend: (Time is in decaauts)
 A = Elapsed time spent in this place.
 B = Non-inter-level travel time spent in this place.
 C = Inter-level travel time spent in this place.
 D = Time resting spent in this place.
 E = Time spent auto-exploring this place.
 F = Levels seen in this place.
 G = Mean time per level.
                   A        B        C        D        E       F      G
               +--------+--------+--------+--------+--------+-----+--------+
         Total |  37796 |  33192 |   4604 |   6995 |  19339 |  19 | 1989.3 |
       Dungeon |  22846 |  19338 |   3508 |   3545 |  11567 |  11 | 2076.9 |
        Temple |     37 |      3 |     34 |      0 |      0 |   1 |   37.0 |
          Lair |  13407 |  12346 |   1061 |   2781 |   7701 |   5 | 2681.4 |
     Snake Pit |      1 |      1 |      0 |      0 |      0 |   1 |    1.0 |
        Bailey |   1503 |   1503 |      0 |    669 |     70 |   1 | 1503.0 |
               +--------+--------+--------+--------+--------+-----+--------+

Top non-repeatable levels by time:
     D:7: 3661 daAuts
  Lair:2: 3623 daAuts
  Lair:4: 2938 daAuts
  Lair:3: 2878 daAuts
  Lair:1: 2794 daAuts
     D:8: 2656 daAuts
    D:11: 2391 daAuts
     D:9: 2274 daAuts
     D:5: 2232 daAuts
     D:4: 1989 daAuts
     D:2: 1753 daAuts
     D:3: 1711 daAuts
     D:6: 1527 daAuts
  Bailey: 1503 daAuts
     D:1: 1350 daAuts
